 Dungeon Crawl Stone Soup version 0.19.1 (webtiles) character file.

3958 Leibowitz the Cutter (level 9, 0/75 HPs)
             Began as a Demigod Gladiator on Nov 26, 2016.
             Slain by a troll (5 damage)
             ... on level 12 of the Dungeon.
             The game lasted 00:22:33 (9597 turns).

Leibowitz the Cutter (Demigod Gladiator)            Turns: 9597, Time: 00:22:34

Health: 0/75       AC:  6    Str: 18    XL:     9   Next: 71%
Magic:  15/15      EV: 17    Int: 12    God:
Gold:   501        SH:  0    Dex: 22    Spells: 1 memorised, 11 levels left

rFire  . . .     SeeInvis .     a - +0 dagger (venom)
rCold  . . .     Gourm    .     q - +0 leather armour
rNeg   . . .     Faith    .     (no shield)
rPois  .         Spirit   .     c - +1 helmet
rElec  .         Reflect  .     (no cloak)
rCorr  .         Harm     .     C - +0 pair of gloves
MR     .....                    (no boots)
Stlth  +++.......               (no amulet)
                                (no ring)
                                r - +3 ring of slaying

@: no status effects
A: high mp 1
a: no special abilities


You were on level 12 of the Dungeon.
You were not hungry.

You visited 1 branch of the dungeon, and saw 10 of its levels.

You collected 501 gold pieces.

Inventory:

Hand Weapons
 a - a +0 dagger of venom (weapon)
 b - a -1 blowgun
 l - a +0 rapier
Missiles
 d - 3 throwing nets (quivered)
 o - 3 needles of sleeping
Armour
 c - a +1 helmet (worn)
 q - a +0 leather armour (worn)
 C - a +0 pair of gloves (worn)
Jewellery
 p - an uncursed ring of fire
 r - a +3 ring of slaying (left hand)
Wands
 e - a wand of flame (25/48)
 v - a wand of enslavement (6/24)
 z - a wand of acid (9/15)
 B - a wand of iceblast (6/15)
Scrolls
 h - 3 scrolls of amnesia
 i - 2 scrolls of blinking
 k - 9 scrolls of remove curse
 m - 7 scrolls of identify
 n - 5 scrolls of teleportation
 u - a scroll of enchant armour
 w - a scroll of recharging
 x - 2 scrolls of enchant weapon {unknown}
 y - a scroll of fear
Potions
 j - 2 potions of flight
 t - a potion of might
Comestibles
 f - 8 bread rations
 g - 2 fruits
 s - 3 meat rations
 A - 6 beef jerkies
 D - a slice of pizza


   Skills:
 * Level 6.1 Fighting
 + Level 7.3 Short Blades
 + Level 2.4 Throwing
 + Level 3.8 Armour
 * Level 6.1 Dodging
 * Level 6.0 Stealth
 * Level 2.4 Spellcasting
 + Level 1.5 Hexes


You had 11 spell levels left.
You knew the following spells:

 Your Spells              Type           Power        Failure   Level  Hunger
a - Confusing Touch       Hex            #.....       17%         1    ##.....


Dungeon Overview and Level Annotations

Branches:
Dungeon (9/15)             Temple (0/1) D:7            Lair (0/6) D:9
    Orc: D:9-12

Shops:
D:8 [*   D:9 %

Annotations:
D:8 exclusion: hill giant
D:12 JDdeen's ghost, journeyman DrWz


Innate Abilities, Weirdness & Mutations

You have an increased reservoir of magic. (+10% MP)


Message History

The troll closely misses you. x2; The troll claws you!
You hit the troll.
The troll is severely wounded.
You hit the troll but do no damage.
The troll is severely wounded.
The troll closely misses you. The troll misses you. x2
You closely miss the troll.
The troll is severely wounded.
The troll completely misses you. The troll barely misses you.
The troll claws you!
You hit the troll.
The troll looks as sick as possible!
The troll is almost dead.
You hit the troll.
The troll looks as sick as possible!
The troll is almost dead.
The troll bites you!
* * * LOW HITPOINT WARNING * * *
The troll claws you.
* * * LOW HITPOINT WARNING * * *
The troll claws you.
You die...

######### #####
### #...##..#.
#######..........
.....<........!...
......T@..........
.................
.................
.....##.......#
.....##>......##..
..................
#######...........
#...........
###+###.##..


You could see a troll.

Vanquished Creatures
  Maurice (D:8)
  A komodo dragon (D:9)
  Grinder (D:4)
  2 hippogriffs (D:8)
  The ghost of eggzz the Destroyer, an amateur DECj (D:6)
  Edmund (D:4)
  A water moccasin (D:9)
  Duvessa (D:6)
  An ice beast (D:8)
  A sky beast (D:7)
  A phantom (D:7)
  4 ogres
  3 centaurs
  4 bullfrogs
  Dowan (D:6)
  A scorpion (D:5)
  A jelly (D:5)
  2 howler monkeys (D:5)
  A bullfrog zombie (D:8)
  3 crimson imps
  3 hounds
  4 orc priests
  3 orc wizards
  Ijyb (D:2)
  4 iguanas
  6 worker ants
  A hound skeleton (D:9)
  11 adders
  4 gnolls (D:5)
  4 shadow imps
  2 oozes
  An adder zombie (D:7)
  An adder skeleton (D:9)
  3 worms (D:2)
  4 dart slugs
  4 leopard geckos
  18 orcs
  7 giant cockroaches
  6 hobgoblins
  4 jackals (D:2)
  5 kobolds
  A quokka (D:3)
  6 bats
  2 frilled lizards (D:1)
  6 goblins
  4 rats
  A plant (D:9)
148 creatures vanquished.

Vanquished Creatures (others)
  A plant (D:9)
1 creature vanquished.

Grand Total: 149 creatures vanquished

Notes
Turn   | Place    | Note
-------+----------+-------------------------------------------
     0 | D:1      | Leibowitz the Demigod Gladiator began the quest for the Orb.
     0 | D:1      | Reached XP level 1. HP: 17/17 MP: 3/3
   395 | D:1      | Reached XP level 2. HP: 23/24 MP: 4/4
   670 | D:1      | Reached skill level 1 in Stealth
   865 | D:2      | Found an iron altar of Okawaru.
  1061 | D:2      | Reached XP level 3. HP: 23/29 MP: 5/5
  1169 | D:2      | Reached skill level 3 in Short Blades
  1500 | D:2      | Noticed Ijyb
  1510 | D:2      | Killed Ijyb
  1510 | D:2      | Reached XP level 4. HP: 29/37 MP: 6/6
  1693 | D:2      | Reached skill level 1 in Armour
  2596 | D:4      | Noticed Edmund
  2619 | D:4      | Killed Edmund
  2619 | D:4      | Reached XP level 5. HP: 20/44 MP: 7/7
  2903 | D:4      | Found an opulent altar of Gozag.
  3016 | D:4      | Noticed an ogre
  3029 | D:4      | Killed an ogre
  3029 | D:4      | Reached XP level 6. HP: 16/51 MP: 8/8
  3397 | D:4      | Noticed Grinder
  3414 | D:4      | Paralysed by Grinder for 2 turns
  3420 | D:4      | Killed Grinder
  3420 | D:4      | Reached skill level 4 in Short Blades
  3811 | D:5      | Entered Level 5 of the Dungeon
  3825 | D:4      | Reached XP level 7. HP: 30/57 MP: 9/9
  5561 | D:5      | Found a basalt altar of Yredelemnul.
  5626 | D:5      | Reached skill level 5 in Short Blades
  6073 | D:6      | Noticed Duvessa
  6073 | D:6      | Noticed Dowan
  6096 | D:6      | Killed Duvessa
  6096 | D:6      | Reached XP level 8. HP: 46/67 MP: 10/10
  6213 | D:6      | Killed Dowan
  6312 | D:6      | Noticed eggzz's ghost (amateur DECj)
  6324 | D:6      | Killed eggzz's ghost
  6596 | D:7      | Found an iron altar of Okawaru.
  6610 | D:7      | Reached skill level 5 in Fighting
  6610 | D:7      | Reached skill level 5 in Dodging
  6911 | D:7      | Reached skill level 6 in Short Blades
  7061 | D:7      | Learned a level 1 spell: Confusing Touch
  7064 | D:7      | Found a staircase to the Ecumenical Temple.
  7324 | D:7      | Reached skill level 1 in Hexes
  7552 | D:8      | Reached skill level 1 in Spellcasting
  7575 | D:8      | Found Jevollu's General Store.
  7585 | D:8      | Noticed a hippogriff
  7616 | D:8      | Killed a hippogriff
  7616 | D:8      | Reached skill level 5 in Stealth
  7616 | D:8      | Reached XP level 9. HP: 25/74 MP: 12/14
  7891 | D:8      | Noticed a hill giant
  7914 | D:8      | Noticed Maurice
  8265 | D:8      | Found Jeh Woi's Armour Boutique.
  8748 | D:8      | Killed Maurice
  8858 | D:8      | Reached skill level 7 in Short Blades
  9213 | D:9      | Found a staircase to the Lair.
  9214 | D:9      | Noticed a komodo dragon
  9267 | D:9      | Killed a komodo dragon
  9468 | D:9      | Found Cudeadue's Food Shoppe.
  9576 | D:9      | You fall through a shaft for 3 floors!
  9576 | D:12     | Noticed JDdeen's ghost (journeyman DrWz)
  9597 | D:12     | Slain by a troll

Skill      XL: |  1  2  3  4  5  6  7  8  9 |
---------------+----------------------------+-----
Dodging        | 3 4 5 6 |  6.1
Fighting       | 2 3 4 5 6 |  6.1
Stealth        | 1 2 3 5 6 |  6.0
Short Blades   | 3 4 5 6 7 |  7.3
Armour         | 1 2 3 |  3.8
Throwing       | 2 |  2.4
Hexes          | 1 |  1.5
Spellcasting   | 1 2 |  2.4

Action                   |  1- 3 |  4- 6 |  7- 9 || total
-------------------------+-------+-------+-------++-------
Melee: Rapier            |   110 |   127 |   304 ||   541
       Unarmed           |       |       |    11 ||    11
       Dagger            |       |       |   139 ||   139
 Fire: Blowgun           |       |     3 |     4 ||     7
Throw: Throwing net      |       |       |     2 ||     2
 Cast: Confusing Touch   |       |       |     6 ||     6
  Use: Scroll            |       |     9 |     3 ||    12
       Potion            |       |     2 |     6 ||     8
 Stab: Sleeping          |     3 |     5 |    14 ||    22
       Confused          |       |       |     7 ||     7
       Held in net/web   |       |       |     1 ||     1
  Eat: Chunk             |     2 |     5 |    19 ||    26
       Beef jerky        |       |     1 |       ||     1
       Fruit             |       |       |     1 ||     1
Armor: Leather armour    |    28 |    19 |    61 ||   108
Dodge: Dodged            |    77 |    60 |   274 ||   411
